 Dungeon Crawl Stone Soup version 0.23-a0-301-g9da9e51 (webtiles) character file.

417 Amnesiac the Digger (level 6, -2/53 HPs)
             Began as a Troll Earth Elementalist on Oct 7, 2018.
             Slain by an iguana (11 damage)
             ... on level 4 of the Dungeon.
             The game lasted 00:05:17 (1566 turns).

Amnesiac the Digger (Troll Earth Elementalist)      Turns: 1566, Time: 00:05:18

Health: -2/53      AC:  5    Str: 17    XL:     6   Next: 61%
Magic:  1/9        EV: 10    Int: 13    God:
Gold:   103        SH:  0    Dex: 10    Spells: 4/10 levels left

rFire    . . .     SeeInvis .   (no weapon)
rCold    . . .     Gourm    +   (no shield)
rNeg     . . .     Faith    .   e - +0 robe (curse)
rPois    .         Spirit   .   (helmet restricted)
rElec    .         Reflect  .   (no cloak)
rCorr    .         Harm     .   (gloves unavailable)
MR       .....                  (boots unavailable)
Stlth    +.........             (no amulet)
HPRegen  0.57/turn              (no ring)
MPRegen  0.11/turn              (no ring)

@: very slightly contaminated
A: large, unfitting armour, claws 3, fast metabolism 3, gourmand, regeneration
1, shaggy fur 1, tough skin 2
a: no special abilities


You were on level 4 of the Dungeon.
You were very full.

You visited 1 branch of the dungeon, and saw 5 of its levels.

You collected 103 gold pieces.

Inventory:

Hand Weapons
 g - a +0 long sword of freezing
Missiles
 i - 14 stones (quivered)
Armour
 e - a cursed +0 robe (worn)
Jewellery
 f - an uncursed ring of ice
Scrolls
 c - a scroll of identify {!r}
 h - a scroll of magic mapping {!r}
Potions
 a - a potion of haste {!q}
Comestibles
 b - 4 chunks of flesh
 d - 4 rations


   Skills:
 - Level 1.5 Dodging
 - Level 1.0 Stealth
 + Level 2.7 Spellcasting
 - Level 0.6 Transmutations
 * Level 5.8 Earth Magic


You had 4 spell levels left.
You knew the following spells:

 Your Spells              Type           Power        Failure   Level  Hunger
a - Stone Arrow           Conj/Erth      #.....       22%         3    ###....
b - Passwall              Tmut/Erth      ##......     10%         2    ###....
c - Sandblast             Erth           ###...       2%          1    #......

Your spell library contained the following spells:

 Spells                   Type           Power        Failure   Level  Hunger
 Petrify                  Tmut/Erth      ##......     54%         4    #####..
 Lee's Rapid Deconstruct  Erth           ###.......   52%         5    ######.


Dungeon Overview and Level Annotations

Branches:
Dungeon (5/15)
 Temple: D:4-7

Altars:

Annotations:
D:5 1 runed door, Ijyb


Innate Abilities, Weirdness & Mutations

You are too large for most types of armour.
You have claws for hands.
Your metabolism is lightning-fast.
You like to eat raw meat.
Your natural rate of healing is unusually fast.
You are covered in fur. (AC +1)
You have very tough skin. (AC +2)


Message History

The iguana barely misses you.
Casting: Stone Arrow (safe; 22% risk of failure)
Confirm with . or Enter, or press ? or * to list all spells.
Aiming: Stone Arrow (safe; 22% risk of failure)
Press: ? - help, Shift-Dir - straight line, f/p - iguana
Aim: an iguana (moderately wounded)
The stone arrow hits the iguana.
The iguana is severely wounded.
The iguana bites you!
* * * LOW HITPOINT WARNING * * *
Casting: Stone Arrow (safe; 22% risk of failure)
Confirm with . or Enter, or press ? or * to list all spells.
Aiming: Stone Arrow (safe; 22% risk of failure)
Press: ? - help, Shift-Dir - straight line, f/p - iguana
Aim: an iguana (severely wounded)
The stone arrow hits the iguana.
The iguana is almost dead.
The iguana barely misses you.
Casting: Stone Arrow (safe; 22% risk of failure)
Confirm with . or Enter, or press ? or * to list all spells.
You don't have enough magic to cast that spell.
Casting: Stone Arrow (safe; 22% risk of failure)
Confirm with . or Enter, or press ? or * to list all spells.
You don't have enough magic to cast that spell.
Casting: Stone Arrow (safe; 22% risk of failure)
Confirm with . or Enter, or press ? or * to list all spells.
You don't have enough magic to cast that spell.
Casting: Stone Arrow (safe; 22% risk of failure)
Confirm with . or Enter, or press ? or * to list all spells.
You don't have enough magic to cast that spell.
Casting: Stone Arrow (safe; 22% risk of failure)
Confirm with . or Enter, or press ? or * to list all spells.
You don't have enough magic to cast that spell.
An adder comes into view.
The adder hisses angrily.
Casting: Stone Arrow (safe; 22% risk of failure)
Confirm with . or Enter, or press ? or * to list all spells.
You don't have enough magic to cast that spell.
Casting: Stone Arrow (safe; 22% risk of failure)
Confirm with . or Enter, or press ? or * to list all spells.
You don't have enough magic to cast that spell.
A howler monkey comes into view.
Casting: Stone Arrow (safe; 22% risk of failure)
Confirm with . or Enter, or press ? or * to list all spells.
You don't have enough magic to cast that spell.
Casting: Stone Arrow (safe; 22% risk of failure)
Confirm with . or Enter, or press ? or * to list all spells.
You don't have enough magic to cast that spell.
The howler monkey howls!
You claw the adder!
The adder is heavily wounded.
The adder closely misses you. The iguana misses you.
You claw the adder!
You kill the adder!
The iguana bites you.
* * * LOW HITPOINT WARNING * * *
You scratch the iguana.
The iguana is almost dead.
The iguana barely misses you.
You closely miss the iguana.
The iguana is almost dead.
The howler monkey hoots and howls with incredible vigour!
The iguana bites you!
You die...

#..... #....
#.... ... ...
#.# #h# #@#
#l# #.#
#.#######.#.#
#>...)).?....
###########..


You could see a howler monkey and an iguana.

Vanquished Creatures
  A centaur (D:4)
  A bullfrog (D:4)
  A hound (D:5)
  An orc priest (D:4)
  An orc wizard (D:4)
  2 worker ants (D:4)
  Robin (D:3)
  3 gnolls
  4 adders
  An ooze (D:4)
  An adder skeleton (D:4)
  3 dart slugs
  A leopard gecko (D:3)
  8 orcs
  2 giant cockroaches (D:3)
  9 goblins
  5 hobgoblins
  A quokka (D:5)
  3 bats
  2 frilled lizards (D:1)
  2 kobolds (D:1)
  A leopard gecko skeleton (D:4)
54 creatures vanquished.

Notes
Turn   | Place    | Note
-------+----------+-------------------------------------------
     0 | D:1      | Amnesiac the Troll Earth Elementalist began the quest for
                  | the Orb.
     0 | D:1      | Reached XP level 1. HP: 16/16 MP: 1/1
   309 | D:1      | Reached skill level 3 in Earth Magic
   357 | D:1      | Reached XP level 2. HP: 20/24 MP: 3/3
   369 | D:1      | Learned a level 2 spell: Passwall
   420 | D:2      | Reached XP level 3. HP: 30/31 MP: 0/4
   567 | D:3      | Noticed Robin
   585 | D:3      | Killed Robin
   663 | D:3      | Reached XP level 4. HP: 39/39 MP: 1/5
   794 | D:4      | Reached skill level 4 in Earth Magic
   971 | D:3      | Learned a level 3 spell: Stone Arrow
  1049 | D:4      | Reached XP level 5. HP: 45/45 MP: 7/7
  1073 | D:5      | Entered Level 5 of the Dungeon
  1125 | D:5      | Noticed Ijyb
  1172 | D:4      | Noticed a centaur
  1195 | D:4      | Killed a centaur
  1195 | D:4      | Reached skill level 5 in Earth Magic
  1199 | D:4      | HP: 2/45 [something (2)]
  1275 | D:4      | Reached XP level 6. HP: 28/53 MP: 5/8
  1458 | D:5      | Found a runed door.
  1566 | D:4      | Slain by an iguana

Vault maps used:
D:1:      dpeg_arrival_rooms_c
D:3:      cheibriados_altar_1, first_ration, minmay_stone_trees_small,
          uniq_robin
D:5:      gammafunk_ghost_nasty_kobolds, uniq_edmund, uniq_crazy_yiuf_cottage,
          uniq_ijyb

Skill      XL: |  1  2  3  4  5 |
---------------+----------------+-----
Earth Magic    | 3 4 5 |  5.8
Spellcasting   | 2 |  2.7
Dodging        | |  1.5
Stealth        | |  1.0
Transmutations | |  0.6

Action                   |  1- 3 |  4- 6 || total
-------------------------+-------+-------++-------
Melee: Unarmed           |    62 |   118 ||   180
 Cast: Sandblast         |    11 |    19 ||    30
       Stone Arrow       |       |     4 ||     4
  Use: Scroll            |     2 |     3 ||     5
       Potion            |     1 |     2 ||     3
 Stab: Sleeping          |     1 |       ||     1
  Eat: Chunk             |    12 |     9 ||    21
Armor: Robe              |    17 |    43 ||    60
Dodge: Dodged            |    34 |    79 ||   113

Table legend:
 A = Non-vault XP
 B = Vault XP
 C = Vault XP percentage of total XP
 D = Non-vault monster count
 E = Vault monster count
 F = Vault count percentage of total count
                 A         B        C        D         E       F
            +---------+---------+-------+---------+---------+-------
      Total |     561 |      35 |   5.9 |      43 |      11 |  20.4
            +---------+---------+-------+---------+---------+-------
        D:1 |      13 |       0 |   0.0 |       7 |       0 |   0.0
        D:2 |      38 |       2 |   5.0 |       7 |       1 |  12.5
        D:3 |      28 |      33 |  54.1 |       7 |      10 |  58.8
        D:4 |     440 |       0 |   0.0 |      20 |       0 |   0.0
        D:5 |      42 |       0 |   0.0 |       2 |       0 |   0.0
            +---------+---------+-------+---------+---------+-------
